AoeStats
← escipio5

Glade

510602759Analyzed
1v1 RM · 22h ago on Oct 1, 2026· 52m 52s· 2 players
Game mode
Random Map
Map size
Tiny (2 player)
Population
200
Speed
Normal
Resources
Standard
Victory
Conquest
Starting age
Dark Age
Ending age
Imperial Age
RankedLock teamsTeams togetherTeam positionsShared explorationLock speedFull tech treeHidden civsTurbo modeCheats
Victory
Defeat
🇪🇸 Ethiopians · Spain
933
+15
🇲🇽 Persians · Mexico
912
-15
CarlitosRafael
9:43 Loom
11:29 Feudal Age
13:46 Wheelbarrow
13:50 Horse Collar
14:01 Double-Bit Axe
15:47 Padded Archer Armor
21:17 Castle Age
20:13 Fletching
22:33 Bodkin Arrow
22:47 Scale Barding Armor
22:38 Bodkin Arrow
22:51 Gold Mining
24:12 Husbandry
28:08 Bloodlines
30:20 Forging
30:23 Thumb Ring
36:41 Iron Casting
38:20 Ballistics
37:36 Elite Skirmisher
39:07 Chain Barding Armor
41:33 Bow Saw
44:30 Imperial Age
47:05 Light Cavalry
51:16 Chemistry
51:12 Stone Mining
escipio5
4:27 Loom
10:50 Feudal Age
11:24 Double-Bit Axe
11:48 Horse Collar
12:11 Town Watch
16:54 Wheelbarrow
17:39 Fletching
21:18 Castle Age
19:54 Gold Mining
20:08 Padded Archer Armor
21:44 Forging
21:59 Bodkin Arrow
21:58 Crossbowman
24:38 Thumb Ring
25:12 Bow Saw
25:32 Ballistics
27:32 Town Patrol
29:06 Light Cavalry
29:46 Husbandry
33:25 Heavy Plow
41:14 Imperial Age
40:30 Hand Cart
41:50 Leather Archer Armor
42:12 Iron Casting
41:23 Arbalester
42:21 Bracer
42:22 Cavalier
44:15 Conscription
44:58 Chemistry
50:38 Stone Mining
51:27 Gold Shaft Mining
Connection lost

Rejoining the realm…

Still unreachable

The connection could not be restored.

Session expired

The server has moved on; the page needs a fresh start.